 Dungeon Sprint DCSS version 0.20.1-1-g8b1a95d (webtiles) character file.

242 Kingsmith the Blocker (level 5, -4/78 HPs)
             Began as a Minotaur Fighter on Dec 13, 2017.
             Was an Initiate of Okawaru.
             Slain by a two-headed ogre
             ... wielding a +0 giant club
              (26 damage)
             ... in the Dungeon (Sprint IX: "|||||||||||||||||||||||||||||").
             The game lasted 00:01:08 (154 turns).

Kingsmith the Blocker (Minotaur Fighter)             Turns: 154, Time: 00:01:09

Health: -4/78      AC: 14    Str: 28    XL:     5   Next: 81%
Magic:  4/4        EV:  8    Int:  5    God:    Okawaru [......]
Gold:   0          SH: 13    Dex: 14    Spells: 4/4 levels left

rFire    . . .     SeeInvis .   b - +2 scimitar (holy)
rCold    . . .     Gourm    .   c - +0 shield
rNeg     . . .     Faith    .   q - +1 chain mail
rPois    .         Spirit   .   (helmet restricted)
rElec    .         Reflect  .   p - +0 cloak
rCorr    .         Harm     .   (no gloves)
MR       .....     NoTele   +   (no boots)
Stlth    ..........             (no amulet)
Regen    0.3/turn               r - +3 ring of strength
MPRegen  0.1/turn               s - +3 ring of dexterity

@: berserking (expiring), slowed
A: retaliatory headbutt, horns 2
a: Renounce Religion


You were in the Dungeon.
You worshipped Okawaru.
Okawaru was noncommittal.
You were not hungry.

You visited 1 branch

Inventory:

Hand Weapons
 a - a +0 long sword
 b - a +2 scimitar of holy wrath (weapon)
 t - a +4 quarterstaff of speed
Armour
 c - a +0 shield (worn)
 p - a +0 cloak (worn)
 q - a +1 chain mail (worn)
Jewellery
 r - a +3 ring of strength (left hand)
 s - a +3 ring of dexterity (right hand)
Wands
 o - a wand of iceblast (7/15)
Scrolls
 k - 2 scrolls of blinking
 m - 3 scrolls of remove curse
 n - 2 scrolls of amnesia
Potions
 d - a potion of might
 e - 5 potions of curing
 g - 3 potions of heal wounds
 h - a potion of haste
 i - 4 potions of magic
 l - a potion of invisibility
Comestibles
 f - a bread ration


   Skills:
 - Level 7.1 Fighting
 - Level 2.4 Long Blades
 + Level 9.9 Armour
 + Level 10.0 Shields


You had 4 spell levels left.
You didn't know any spells.

Dungeon Overview and Level Annotations

Branches:
Dungeon (1/1)

Altars:
Cheibriados
Dithmenos
Elyvilon
Fedhas
Gozag
Hepliaklqana
Kikubaaqudgha
Makhleb
Nemelex Xobeh
Okawaru
Qazlal
Ru
Sif Muna
Trog
Uskayaw
Vehumet
Xom
Yredelemnul
Zin
The Shining One
Beogh
Jiyva
Lugonu


Innate Abilities, Weirdness & Mutations

You reflexively headbutt those who attack you in melee.
You have a pair of horns on your head.


Message History

Okawaru is honoured by your kill.
Your Armour skill gained 4 levels and is now at level 9!
Your Shields skill gained 5 levels and is now at level 10!
You have reached level 4!
You feel agile.
You have reached level 5!
You slash the two-headed ogre!
The two-headed ogre is lightly wounded.
The two-headed ogre hits you but does no damage.
The two-headed ogre barely misses you.
You slash the two-headed ogre! You headbutt the two-headed ogre!
The two-headed ogre is heavily wounded.
The two-headed ogre completely misses you.
You furiously retaliate!
You headbutt the two-headed ogre. You block the two-headed ogre's attack.
The crimson imp blinks!
The two-headed ogre hits you but does no damage. x2
You slice the two-headed ogre!!
The two-headed ogre is almost dead.
The two-headed ogre hits you with a giant club!!
You die...

▓.▓
▓5▓
▓.▓
▓c▓
▓c▓
▓O▓
▓O▓
▓@▓
▓.▓
▓.▓
▓.▓
▓[▓
▓)▓
▓|▓
▓.▓
▓.▓


You could see 2 two-headed ogres, 2 centaurs and a crimson imp.

Vanquished Creatures
  A hornet (D)
  A crimson imp (D)
  A gnoll (D)
  A leopard gecko (D)
  2 orcs (D)
  A giant cockroach (D)
  A goblin (D)
  2 hobgoblins (D)
  A kobold (D)
11 creatures vanquished.

Notes
Turn   | Place    | Note
-------+----------+-------------------------------------------
     0 | D        | Kingsmith the Minotaur Fighter began the quest for the Orb.
     0 | D        | Reached XP level 1. HP: 19/19 MP: 0/0
     6 | D        | Reached skill level 5 in Fighting
    21 | D        | Noticed a crimson imp
    24 | D        | Reached XP level 2. HP: 34/34 MP: 1/1
    27 | D        | Killed a crimson imp
    27 | D        | Reached skill level 5 in Armour
    27 | D        | Reached skill level 5 in Shields
    27 | D        | Reached XP level 3. HP: 39/39 MP: 2/2
    38 | D        | Found a roughly hewn altar of Beogh.
    38 | D        | Found a snail-covered altar of Cheibriados.
    38 | D        | Found a shadowy altar of Dithmenos.
    38 | D        | Found a white marble altar of Elyvilon.
    38 | D        | Found a blossoming altar of Fedhas.
    38 | D        | Found an opulent altar of Gozag.
    39 | D        | Found a hazy altar of Hepliaklqana.
    40 | D        | Found a viscous altar of Jiyva.
    41 | D        | Found an ancient bone altar of Kikubaaqudgha.
    42 | D        | Found a corrupted altar of Lugonu.
    43 | D        | Found a burning altar of Makhleb.
    44 | D        | Found a sparkling altar of Nemelex Xobeh.
    45 | D        | Found an iron altar of Okawaru.
    46 | D        | Found a stormy altar of Qazlal.
    47 | D        | Found a sacrificial altar of Ru.
    48 | D        | Found a deep blue altar of Sif Muna.
    49 | D        | Found a bloodstained altar of Trog.
    50 | D        | Found a hide-covered altar of Uskayaw.
    51 | D        | Found a radiant altar of Vehumet.
    53 | D        | Found a shimmering altar of Xom.
    54 | D        | Found a basalt altar of Yredelemnul.
    55 | D        | Found a glowing silver altar of Zin.
    56 | D        | Found a glowing golden altar of the Shining One.
    84 | D        | Became a worshipper of Warmaster Okawaru
   142 | D        | Noticed a two-headed ogre
   142 | D        | Noticed a centaur
   142 | D        | Noticed a centaur
   142 | D        | Noticed a two-headed ogre
   142 | D        | Noticed a hornet
   151 | D        | Killed a hornet
   151 | D        | Reached skill level 10 in Shields
   151 | D        | Reached XP level 4. HP: 18/47 MP: 3/3
   151 | D        | Reached XP level 5. HP: 21/52 MP: 4/4
   154 | D        | Slain by a two-headed ogre

Skill      XL: |  1  2  3 |
---------------+----------+-----
Fighting       | 7 |  7.1
Armour         | 5 9 |  9.9
Shields        | 5 10 | 10.0
Long Blades    | |  2.4

Action                   |  1- 3 |  4- 6 || total
-------------------------+-------+-------++-------
Melee: Long sword        |    21 |       ||    21
       Headbutt          |     7 |     1 ||     8
       Scimitar          |     8 |     3 ||    11
  Use: Potion            |     1 |       ||     1
Armor: Scale mail        |    13 |       ||    13
       Chain mail        |     4 |     3 ||     7
Dodge: Dodged            |     9 |     2 ||    11
Block: Shield            |     9 |     1 ||    10
       Rpst.: Long sword |     5 |       ||     5
